 Dungeon Crawl Stone Soup version 0.15.2 (webtiles) character file.

205 MordorOrchid the Practitioner (level 6, -8/44 HPs)
             Began as a Formicid Healer on June 30, 2020.
             Was a Believer of Elyvilon.
             Mangled by a mummy (14 damage)
             ... on Level 4 of the Dungeon.
             The game lasted 00:18:37 (2137 turns).

MordorOrchid the Practitioner (Formicid Healer)     Turns: 2137, Time: 00:18:37

HP  -8/44        AC  5     Str 16      XL: 6   Next:  9%
MP  13/13        EV 12     Int 14      God: Elyvilon [**....]
Gold 121         SH  3     Dex 10      Spells:  0 memorised,  5 levels left

rFire  . . .     SeeInvis +     e - +0 short sword
rCold  . . .     Clarity  +     a - +1 robe
rNeg   . . .     rCorr    .     x - +0 buckler
rPois  .         rRot     .     (helmet unavailable)
rElec  .         Spirit   .     n - +1 cloak
SustAb .         Warding  .     (no gloves)
rMut   .         Stasis   +     (no boots)
Gourm  .                        w - amulet of clarity
MR     .....                    (no ring)
                                (no ring)

@: not resistant to hostile enchantments, unstealthy
A: permanent stasis, dig shafts and tunnels, four strong arms, antennae 3
a: Dig, Shaft Self, Lesser Healing, Lesser Self-Healing, Divine Protection,
Purification, Renounce Religion


You were on level 4 of the Dungeon.
You worshipped Elyvilon.
Elyvilon was pleased with you.
You were not hungry.

You visited 1 branch of the dungeon, and saw 4 of its levels.

You collected 121 gold pieces.

Inventory:

Hand weapons
 e - a +0 short sword (weapon)
Missiles
 f - 14 bolts of frost
 g - 49 stones
 l - 10 silver bolts
 m - 4 javelins (quivered)
 o - 26 arrows
 y - 11 poisoned needles
 A - 29 sling bullets
Armour
 a - a +1 robe (worn)
 n - a +1 cloak (worn)
 s - a +0 ring mail
 x - a +0 buckler (worn)
Comestibles
 d - 3 bread rations
 z - a chunk of worker ant flesh
Scrolls
 i - 2 scrolls of immolation {unknown}
 k - a scroll of enchant armour {unknown}
 p - a scroll of recharging {unknown}
 r - a scroll of fog
 t - a scroll of enchant weapon {unknown}
 v - a scroll of random uselessness {unknown}
Jewellery
 h - an uncursed amulet of the gourmand {unknown}
 w - an amulet of clarity (around neck)
Potions
 b - 4 potions of curing
 c - a potion of heal wounds
 j - a potion of flight {unknown}
 q - a potion of cancellation {unknown}
 u - a potion of restore abilities {unknown}
 C - a potion of lignification


   Skills:
 * Level 2.0 Fighting
 * Level 1.1 Short Blades
 * Level 2.1 Armour
 + Level 2.6 Dodging
 * Level 2.6 Stealth
 * Level 1.4 Shields
 + Level 4.6 Invocations


You had 5 spell levels left.
You didn't know any spells.

Dungeon Overview and Level Annotations

Branches:
Dungeon (4/15)
 Temple: D:4-7

Altars:
Ashenzari
Kikubaaqudgha
Qazlal
Trog
The Shining One

Portals:
Ossuary: D:4

Annotations:
D:3 exclusion: upstairs


Innate Abilities, Weirdness & Mutations

Your are under a permanent stasis effect.
You can dig through walls and to a lower floor.
Your four strong arms can wield two-handed weapons with a shield.
You have a pair of large antennae on your head (SInv).


Message History

You hear the brisk hiss of an avalanche of sand.
You hit the mummy but do no damage.
The mummy is heavily damaged.
The mummy hits you.
You hit the mummy.
The mummy is heavily damaged.
You hit the mummy.
The mummy is almost destroyed.
The mummy hits you!
* * * LOW HITPOINT WARNING * * *
You hit the mummy but do no damage.
The mummy is almost destroyed.
The mummy hits you!
* * * LOW HITPOINT WARNING * * *
You hit the mummy but do no damage.
The mummy is almost destroyed.
You hit the mummy.
The mummy is almost destroyed.
The mummy hits you!
You die...

######.#######
# #...##.# #
#......# #
#...##........
#
#....#.######
# #..#...# #
#..##..## #
#..###..## #
#..@M##..# ###
#..###.#. #..
#..##..# #.#
#..#...# . #.#
#......+{ #..
#.#
#..#...###..#
#.#
#..##(.##..#
#.#
#..###.#..#
#.#
#..'.##.(.#
#.#


You could see a mummy.

Vanquished Creatures
  A phantom (D:4)
  2 worker ants (D:4)
  A gnoll (D:1)
  3 goblins
  A hobgoblin (D:1)
  2 kobolds (D:2)
  5 bats
  A giant gecko (D:4)
  A giant newt (D:3)
  A goblin zombie (D:4)
  9 rats
27 creatures vanquished.

Vanquished Creatures (others)
  A worm (D:4)
  3 bats
  A giant cockroach (D:2)
  2 hobgoblins (D:2)
  A giant newt (D:1)
8 creatures vanquished.

Grand Total: 35 creatures vanquished

Notes
Turn   | Place    | Note
--------------------------------------------------------------
     0 | D:1      | MordorOrchid, the Formicid Healer, began the quest for the Orb.
     0 | D:1      | Reached XP level 1. HP: 15/15 MP: 2/2
    20 | D:1      | You fall through a shaft!
   240 | D:1      | Reached skill level 1 in Stealth
   240 | D:1      | Reached XP level 2. HP: 18/21 MP: 5/5
   636 | D:1      | Reached XP level 3. HP: 21/26 MP: 6/6
   658 | D:1      | Reached skill level 4 in Invocations
   712 | D:2      | Found a bloodstained altar of Trog.
   712 | D:2      | Found an ancient bone altar of Kikubaaqudgha.
   713 | D:2      | Found a glowing golden altar of the Shining One.
  1017 | D:2      | Reached skill level 1 in Armour
  1017 | D:2      | Reached XP level 4. HP: 29/32 MP: 5/8
  1092 | D:2      | Found a stormy altar of Qazlal.
  1332 | D:3      | Found a shattered altar of Ashenzari.
  1997 | D:4      | Noticed a phantom
  2037 | D:4      | Killed a phantom
  2037 | D:4      | Reached skill level 1 in Short Blades
  2037 | D:4      | Reached skill level 1 in Shields
  2037 | D:4      | Reached XP level 5. HP: 12/38 MP: 9/11
  2058 | D:4      | Reached XP level 6. HP: 32/44 MP: 11/13
  2123 | D:4      | Found a sand-covered staircase.
  2137 | D:4      | Mangled by a mummy

Action                   |  1- 3 |  4- 6 || total
-------------------------+-------+-------++-------
Melee: Unarmed           |    33 |       ||    33
       Short sword       |    60 |    78 ||   138
Throw: Stone             |       |    10 ||    10
       Javelin           |       |     6 ||     6
Invok: Lesser Healing    |    42 |    16 ||    58
       Lesser Self-Heali |     2 |     5 ||     7
 Abil: Shaft Self        |     1 |       ||     1
  Use: Scroll            |       |     4 ||     4
       Potion            |       |     2 ||     2
 Stab: Sleeping          |     1 |     4 ||     5
       Distracted        |     1 |       ||     1
  Eat: Chunk             |     7 |     7 ||    14
